 Dungeon Crawl Stone Soup version 0.31-a0-1008-g5b978dac0e (webtiles) character file.

Game seed: 15003799944137092479

229 Dirtsage the Changeling (level 6, -1/41 HPs)
             Began as an Octopode Shapeshifter on Nov 12, 2023.
             Slain by a gnoll
             ... wielding a +0 club
             ... led by a gnoll bouda
              (10 damage)
             ... on level 3 of the Dungeon.
             The game lasted 00:04:17 (2958 turns).

Dirtsage the Changeling (Octopode Shapeshifter)     Turns: 2958, Time: 00:04:17

Health: -1/41      AC:  1    Str: 14    XL:     6   Next: 3%
Magic:  6/6        EV: 13    Int: 12    God:
Gold:   136        SH:  0    Dex: 13    Spells: 5/5 levels left

rFire   . .          .
                       - Unarmed
rCold   + . .        (no shield)
rNeg    . . .        (helmet currently unavailable)
rPois   .            p - amulet of magic regeneration
rElec   .            I - ring of protection from cold
rCorr   .            (no ring)
SInv    .            (no ring)
Will    .....        (no ring)
Stlth   ++           (no ring)
HPRegen 0.26/turn    (no ring)
MPRegen 0.50/turn    (no ring)
                     (no ring)

%: no passive effects
@: beast-form
A: beast (slay +2), almost no armour, amphibious, 8 rings, camouflage 1,
gelatinous body 1, (nimble swimmer 1), tentacles
a: Begin Untransformation


You were on level 3 of the Dungeon.
You were a hulking beast.
You visited 1 branch of the dungeon, and saw 4 of its levels.
You also visited: Sewer.

You collected 136 gold pieces.

Inventory:

Magical Staves
 l - a staff of death
Jewellery
 p - an amulet of magic regeneration (around mantle)
 I - a ring of protection from cold (left tentacle)
Talismans
 b - a beast talisman
 c - a flux talisman
 j - a blade talisman
Scrolls
 g - a scroll of fear
 h - a scroll of teleportation {unknown}
 k - 2 scrolls of identify {unknown}
 m - a scroll of fog {unknown}
 o - a scroll of immolation {unknown}
Potions
 a - a potion of degeneration {unknown}
 d - 2 potions of might {unknown}
 e - a potion of haste {unknown}
 f - a potion of berserk rage {unknown}
 i - 3 potions of curing {unknown}
 n - a potion of cancellation {unknown}


   Skills:
 + Level 2.8 Fighting
 - Level 2.0 Dodging
 + Level 4.1 Unarmed Combat
 * Level 4.8 Shapeshifting


You had 5 spell levels left.
You didn't know any spells.
Your spell library contained the following spells:

 Spells                   Type           Power      Damage    Failure   Level
 Magic Dart               Conj           0%         1d3       32%         1
 Searing Ray              Conj           0%         2d4       45%         2
 Wereblood                Tmut           0%         N/A       45%         2
 Fulminant Prism          Conj/Hex       0%         3d5       97%         4
 Irradiate                Conj/Tmut      0%         3d11      100%        5


Dungeon Overview and Level Annotations

Branches:
Dungeon (4/15)              Sewer (visited)
 Temple: D:4-7

Altars:
Dithmenos

Shops:
D:3 (


Innate Abilities, Weirdness & Mutations

You are a hulking beast.
Your limbs bulge with bestial killing power. (Slay +2)
You cannot wear most types of armour.
You are amphibious.
You can wear up to eight rings at the same time.
Your skin changes colour to match your surroundings (Stealth+).
Your rubbery body absorbs attacks. (AC +1, EV +1)
((You are camouflaged when in or above water. (Stealth+)))
You have tentacles for arms and can constrict up to eight enemies at once.


Message History

You feel your attacks grow feeble. The gnoll hits you with a +0 flail.
You take 4 damage, and have 31/35 hp.
The gnoll attacks as it pursues you! The gnoll barely misses you.
The gnoll attacks as it pursues you!
The gnoll hits you with a +0 heavy flail!
You take 8 damage, and have 23/35 hp.
MASSIVE DAMAGE!!
The gnoll attacks as it pursues you! The gnoll misses you.
The gnoll closely misses you. The gnoll attacks as it pursues you!
The gnoll barely misses you.
There is a stone staircase leading up here.
Your attacks no longer feel as feeble.
The gnoll barely misses you.
You climb upwards.
There is a stone staircase leading down here.
You tentacle-slap the gnoll. You grab the gnoll.
The gnoll is moderately wounded.
You constrict the gnoll. The gnoll hits you with a +0 club.
The gnoll hits you with a +0 heavy flail!
* * * LOW HITPOINT WARNING * * *
You take 16 damage, and have 8/35 hp.
MASSIVE DAMAGE!!
You tentacle-slap the gnoll.
The gnoll is almost dead.
You constrict the gnoll.
You kill the gnoll!
The gnoll barely misses you.
You have reached level 6!
You regained 2 hp, and now have 10/41 hp.
MP restored: 6 You tentacle-slap the gnoll.
You grab the gnoll.
The gnoll is moderately wounded.
You constrict the gnoll.
The gnoll is no longer moving quickly.
The gnoll hits you with a +0 club.
* * * LOW HITPOINT WARNING * * *
You take 1 damage, and have 9/41 hp.
You tentacle-slap the gnoll.
The gnoll is heavily wounded.
You constrict the gnoll, but do no damage.
The gnoll hits you with a +0 club!
You die...

.....##...# #.# #~≈≈~#.###.#
.....####.# #.## #~≈≈~~.#....
.....# #.# #..#### #~~≈≈~.#.#..
.....# #.####....# ##~≈≈~.#.#..
.....# #...##....# #~≈≈~.#.#..
###########..#....# #~≈≈~.#.##.
#............##...# ##~≈≈~.#....
#............##g######~~≈≈~.#####
#...............h.....~≈≈~~......
'...............).....~≈≈~#######
#...........#########~~≈≈~#
#...........# ##~≈≈~~#
#...........### #~~≈≈~##
#.............# ##~≈≈~~#
#...........#.# #~~≈≈~##
#############.# #~≈≈~~#
......#.....'.# #~≈≈~##


You could see a gnoll.

Vanquished Creatures
  Pargi (Sewer)
  An orc priest (D:3)
  A gnoll (D:3)
  2 adders (D:3)
  A worm (D:2)
  2 dart slugs
  2 orcs (D:3)
  7 ball pythons
  4 bats
  6 endoplasms
  5 giant cockroaches
  5 goblins
  4 hobgoblins
  5 jackals
  5 quokkas
  3 frilled lizards
  4 kobolds
  6 rats
64 creatures vanquished.

Notes
Turn   | Place    | Note
-------+----------+-------------------------------------------
     0 | D:1      | Dirtsage the Octopode Shapeshifter began the quest for the
                  | Orb.
     0 | D:1      | Reached XP level 1. HP: 13/13 MP: 1/1
   154 | D:1      | Reached XP level 2. HP: 17/18 MP: 2/2
   459 | D:1      | Reached XP level 3. HP: 23/23 MP: 3/3
  1888 | D:3      | Found a shadowy altar of Dithmenos.
  1901 | D:3      | Reached XP level 4. HP: 24/29 MP: 4/4
  2255 | D:3      | Found a glowing drain.
  2261 | Sewer    | Entered a sewer
  2315 | Sewer    | Noticed Pargi
  2329 | Sewer    | Killed Pargi
  2330 | Sewer    | Reached XP level 5. HP: 35/35 MP: 5/5
  2485 | D:3      | Found Puteug's Antique Weapon Boutique.
  2957 | D:3      | Reached XP level 6. HP: 10/41 MP: 6/6
  2958 | D:3      | Slain by a gnoll

Illustrated notes

Levels and vault maps discovered:
D:1:      dpeg_arrival_three_smaller_balls, layout_basic, minmay_misc_feat_five
D:2:      layout_basic, minmay_misc_feat_roman
D:3:      wander_river, layout_basic, nicolae_dithmenos_shadow_blocks,
          serial_shops, nicolae_shop_statue_plus,
          mainiacjoe_sewer_entry_somewhere_in_here_1, roderic_serpentine_path
D:4:      layout_gridville, mainiacjoe_ossuary_entry_find_the_door,
          minmay_misc_feat_x, uniq_crazy_yiuf_cottage, uniq_robin, uniq_pikel

Skill      XL: |  1  2  3  4 |
---------------+-------------+-----
Fighting       | 2 |  2.8
Shapeshifting  | 4 |  4.8
Unarmed Combat | 4 |  4.1
Dodging        | |  2.0

Action                     |  1- 3 |  4- 6 || total
---------------------------+-------+-------++-------
  Melee: Unarmed           |    84 |    49 ||   133
         Constrict         |    19 |    11 ||    30
         Tentacles         |     7 |     5 ||    12
    Use: Potion            |       |     1 ||     1
         Scroll            |       |     1 ||     1
   Stab: Sleeping          |     9 |     4 ||    13
 Armour: Skin              |    34 |    42 ||    76
  Dodge: Dodged            |    44 |    43 ||    87

Table legend: (Time is in decaauts)
 A = Elapsed time spent in this place.
 B = Non-inter-level travel time spent in this place.
 C = Inter-level travel time spent in this place.
 D = Time resting spent in this place.
 E = Time spent auto-exploring this place.
 F = Levels seen in this place.
 G = Mean time per level.
                   A        B        C        D        E       F      G
               +--------+--------+--------+--------+--------+-----+--------+
         Total |   2948 |   2813 |    135 |     31 |   2041 |   5 |  589.6 |
       Dungeon |   2791 |   2656 |    135 |      0 |   1967 |   4 |  697.8 |
         Sewer |    157 |    157 |      0 |     31 |     74 |   1 |  157.0 |
               +--------+--------+--------+--------+--------+-----+--------+

Top non-repeatable levels by time:
     D:2: 1116 daAuts
     D:3: 876 daAuts
     D:1: 748 daAuts
   Sewer: 157 daAuts
     D:4: 49 daAuts
